 Dungeon Crawl Stone Soup version 0.28.0-45-g0d030f2227 (webtiles) character file.

Game seed: 14188775971987311398

19 bobregger the Grasshopper (level 2, -7/27 HPs)
             Began as an Ogre Wanderer on Apr 21, 2022.
             Killed from afar by Natasha (9 damage)
             ... with a magic dart
             ... on level 2 of the Dungeon.
             The game lasted 00:01:09 (1496 turns).

bobregger the Grasshopper (Ogre Wanderer)           Turns: 1496, Time: 00:01:09

Health: -7/27      AC:  4    Str: 13    XL:     2   Next: 75%
Magic:  5/5        EV: 10    Int: 13    God:
Gold:   48         SH:  0    Dex: 10    Spells: 4/5 levels left

rFire   . . .      SeeInvis .   e - +0 mace
rCold   . . .      Faith    .   (no shield)
rNeg    . . .      Spirit   .   c - +0 robe
rPois   .          Reflect  .   (helmet restricted)
rElec   .          Harm     .   b - +0 cloak
rCorr   +          Rampage  .   (gloves unavailable)
Will    .....                   (boots unavailable)
Stlth   +.........              (no amulet)
HPRegen 0.09/turn               f - ring of resist corrosion
MPRegen 0.09/turn               (no ring)

@: mighty, slowed, very slow
A: large, unfitting armour, tough skin 1
a: no special abilities


You were on level 2 of the Dungeon.
You visited 1 branch of the dungeon, and saw 2 of its levels.

You collected 48 gold pieces.

Inventory:

Hand Weapons
 e - a +0 mace (weapon)
Armour
 b - a +0 cloak (worn)
 c - a +0 robe (worn)
Jewellery
 f - a ring of resist corrosion (left hand)
Scrolls
 g - a scroll of brand weapon {unknown}
 h - 2 scrolls of enchant weapon {unknown}
Potions
 d - 3 potions of curing


   Skills:
 - Level 1.3 Fighting
 + Level 2.4 Dodging
 - Level 1.7 Unarmed Combat
 - Level 2.4 Spellcasting
 - Level 2.6 Translocations
 - Level 1.0 Invocations


You had 4 spell levels left.
You knew the following spells:

 Your Spells              Type           Power      Damage    Failure   Level
a - Apportation           Tloc           16%        N/A       9%          1

Your spell library contained the following spells:

 Spells                   Type           Power      Damage    Failure   Level
 Gell's Gravitas          Tloc           8%         N/A       24%         3
 Teleport Other           Tloc           8%         N/A       24%         3


Dungeon Overview and Level Annotations

Branches:
Dungeon (2/15)

Altars:

Shops:
D:1 (

Annotations:
D:2 Natasha


Innate Abilities, Weirdness & Mutations

You are too large for most types of armour.
You have tough skin. (AC +1)


Message History

Done exploring.
Done exploring.
Done exploring.
There is an open door here.
There is a stone staircase leading down here.
You climb downwards.
There is a stone staircase leading up here.
Natasha, Servant of Life and Death comes into view.
Natasha hisses angrily.
You hear an angry hiss.
Natasha is nearby!
An adder comes into view.
The adder hisses angrily.
Natasha howls an incantation.
You feel disoriented.
Natasha stares at you and mumbles some strange words.
You feel yourself slow down.
You feel very mighty all of a sudden.
Natasha stares at you and mumbles some strange words.
The magic dart hits you! Natasha claws you but does no damage.
You closely miss Natasha. Natasha completely misses you. Natasha misses you.
You barely miss Natasha.
Natasha stares at you and mumbles some strange words.
The magic dart hits you! Natasha claws you but does no damage.
You hit Natasha.
Natasha is moderately wounded.
Natasha claws you.
* * * LOW HITPOINT WARNING * * *
Natasha claws you.
* * * LOW HITPOINT WARNING * * *
You barely miss Natasha.
Natasha is moderately wounded.
Natasha claws you.
* * * LOW HITPOINT WARNING * * *
Natasha barely misses you.
You thump Natasha!
Natasha is almost dead.
Natasha drinks a potion.
Natasha is healed!
Natasha stares at you and mumbles some strange words.
The magic dart hits you!
You die...

########## .........#
.........#
.........############
.........Sh@........#
.........##########.#
########## #.# #.#
#.# #<# ###


You could see Natasha and an adder.

Vanquished Creatures
  A dart slug (D:1)
  3 bats (D:1)
  A giant cockroach (D:1)
  2 goblins (D:1)
  4 hobgoblins (D:1)
  A quokka (D:1)
  A frilled lizard (D:1)
  2 kobolds (D:1)
15 creatures vanquished.

Notes
Turn   | Place    | Note
-------+----------+-------------------------------------------
     0 | D:1      | bobregger the Ogre Wanderer began the quest for the Orb.
     0 | D:1      | bobregger set off with the following items: a +0 club, a +0
                  | cloak, a +0 robe, a potion of curing; and the following
                  | spell memorised: Apportation; and the following spells
                  | available to memorise: Gell's Gravitas, Teleport Other
     0 | D:1      | Reached XP level 1. HP: 19/19 MP: 3/3
   550 | D:1      | Reached XP level 2. HP: 21/27 MP: 5/5
  1093 | D:1      | Found Ylitzor's Weapon Shop.
  1300 | D:1      | Found a faded altar of an unknown god.
  1484 | D:2      | Noticed Natasha
  1496 | D:2      | Killed from afar by Natasha

Illustrated notes

Levels and vault maps discovered:
D:1:      ncdulo_watergridlock, layout_basic,
          shapermc_ecumenical_altar_acropolis, serial_shops,
          nicolae_shop_bloodbath_and_beyond
D:2:      layout_basic, uniq_sigmund, uniq_natasha

Skill      XL: |  1  2 |
---------------+-------+-----
Dodging        | 2 |  2.4
Fighting       | |  1.3
Unarmed Combat | |  1.7
Spellcasting   | |  2.4
Translocations | |  2.6
Invocations    | |  1.0

Action                   || total
-------------------------++-------
Melee: Mace              ||    69
       Punch             ||     1
  Use: Potion            ||     2
Armor: Robe              ||    44
Dodge: Dodged            ||    54
